 Dungeon Crawl Stone Soup version 0.23-a0-141-g456867d (webtiles) character file.

150 galech the Chopper (level 5, 34/41 HPs)
             Began as a Demonspawn Monk on Aug 31, 2018.
             Quit the game on level 3 of the Dungeon.
             The game lasted 00:03:13 (1915 turns).

galech the Chopper (Demonspawn Monk)                Turns: 1915, Time: 00:03:13

Health: 34/41      AC:  8    Str: 11    XL:     5   Next: 10%
Magic:  5/5        EV: 13    Int: 11    God:
Gold:   102        SH:  0    Dex: 17    Spells: 4/4 levels left

rFire    + . .     SeeInvis .   o - +0 war axe
rCold    + . .     Gourm    .   (no shield)
rNeg     . . .     Faith    .   j - +2 leather armour {rC+}
rPois    .         Spirit   .   (helmet restricted)
rElec    .         Reflect  .   m - +0 cloak (curse)
rCorr    +         Harm     .   (no gloves)
MR       .....                  (no boots)
Stlth    ++........             (no amulet)
HPRegen  1.13/turn              n - ring of resist corrosion
MPRegen  0.09/turn              (no ring)

@: no status effects
A: horns 1, icy blue scales 1, fire resistance 1, powered by death 1
a: no special abilities


You were on level 3 of the Dungeon.
You were not hungry.

You visited 1 branch of the dungeon, and saw 3 of its levels.

You collected 102 gold pieces.

Inventory:

Hand Weapons
 o - a +0 war axe (weapon)
Armour
 j - a +2 leather armour of cold resistance (worn)
 m - a cursed +0 cloak (worn)
Jewellery
 n - a ring of resist corrosion (left hand)
Scrolls
 b - 10 scrolls of identify {unknown}
 d - a scroll of magic mapping {unknown}
 e - a scroll of remove curse {unknown}
 f - a scroll of immolation {unknown}
 k - a scroll of blinking {unknown}
Potions
 g - a potion of brilliance {unknown}
 h - a potion of flight {unknown}
 i - a potion of cancellation {unknown}
Comestibles
 c - 4 rations
 l - 2 chunks of flesh


   Skills:
 + Level 3.5 Fighting
 + Level 4.0 Axes
 + Level 1.0 Armour
 + Level 3.3 Dodging
 + Level 2.5 Stealth


You had 4 spell levels left.
You didn't know any spells.
Your spell library contained the following spells:

 Spells                   Type           Power        Failure   Level  Hunger
 Magic Dart               Conj           #...         43%         1    ##.....
 Blink                    Tloc           N/A          56%         2    ###....
 Call Imp                 Summ           #.......     56%         2    ###....
 Slow                     Hex            #.......     56%         2    ###....
 Conjure Flame            Conj/Fire      #.......     80%         3    ####...
 Mephitic Cloud           Conj/Pois/Air  #.......     80%         3    ####...


Dungeon Overview and Level Annotations

Branches:
Dungeon (3/15)

Altars:
Makhleb


Innate Abilities, Weirdness & Mutations

You have a pair of small horns on your head.
You are partially covered in icy blue scales. (AC +2)
Your flesh is heat resistant. (rF+)
You regenerate a little health from kills.


Message History

You barely miss the orc priest. The bat closely misses you.
The orc priest hits you with a club.
You closely miss the orc priest. The bat barely misses you.
The orc priest closely misses you.
You slash the orc priest!
The orc priest is severely wounded.
The bat barely misses you. The orc priest closely misses you.
The orc priest hits you but does no damage.
You barely miss the orc priest.
The orc priest is severely wounded.
You hit the bat.
You kill the bat!
The orc priest barely misses you.
You hit the orc priest.
You kill the orc priest!
Your Axes skill increases to level 4!
Your Armour skill increases to level 1!
You have reached level 5!
Your demonic ancestry asserts itself...
A pair of horns grows on your head!
Are you sure you want to abandon this character and quit the game? (Confirm

#.....##...#
###......<.# #........#
#...)....# ## #...##...#
># # #...##...# .# .!.
######...## ##.##..#
#########....###))..).#.
.....#)........†@)......
.......#........##.##.##
.....###.######....#
)........#######.###
.....#......... .#
..####.....#### .# ..#
#....## .. ..# #....# ..
..# ######


There were no monsters in sight!

Vanquished Creatures
  An orc priest (D:3)
  An orc wizard (D:3)
  A gnoll (D:1)
  3 adders
  2 worms (D:2)
  An orc (D:3)
  2 ball pythons
  5 bats
  5 giant cockroaches
  7 goblins
  2 hobgoblins
  2 jackals (D:1)
  5 kobolds (D:2)
  2 quokkas
  5 frilled lizards
  7 rats
51 creatures vanquished.

Notes
Turn   | Place    | Note
-------+----------+-------------------------------------------
     0 | D:1      | galech the Demonspawn Monk began the quest for the Orb.
     0 | D:1      | Reached XP level 1. HP: 18/18 MP: 1/1
   213 | D:1      | Gained mutation: Your flesh is heat resistant. (rF+)
                  | [demonic ancestry]
   213 | D:1      | Reached XP level 2. HP: 14/24 MP: 2/2
   413 | D:1      | Reached skill level 3 in Axes
   874 | D:2      | Gained mutation: You are partially covered in icy blue
                  | scales. (AC +2) [demonic ancestry]
   874 | D:2      | Reached XP level 3. HP: 29/29 MP: 3/3
  1125 | D:2      | Found a burning altar of Makhleb.
  1446 | D:2      | Gained mutation: You regenerate a little health from kills.
                  | [demonic ancestry]
  1446 | D:2      | Reached XP level 4. HP: 32/35 MP: 4/4
  1914 | D:3      | Reached skill level 4 in Axes
  1914 | D:3      | Reached skill level 1 in Armour
  1914 | D:3      | Gained mutation: You have a pair of small horns on your
                  | head. [demonic ancestry]
  1914 | D:3      | Reached XP level 5. HP: 33/41 MP: 5/5
  1915 | D:3      | Quit the game

Vault maps used:
D:1:      minmay_arrival_widening_spiral_wide
D:2:      bloody_makhleb, minmay_hexomino_c4

Skill      XL: |  1  2  3  4 |
---------------+-------------+-----
Dodging        | 3 |  3.3
Axes           | 3 4 |  4.0
Stealth        | 2 |  2.5
Armour         | 1 |  1.0
Fighting       | |  3.5

Action                   |  1- 3 |  4- 6 || total
-------------------------+-------+-------++-------
Melee: Hand axe          |   129 |    36 ||   165
       War axe           |       |    21 ||    21
  Use: Potion            |     1 |       ||     1
 Stab: Sleeping          |     7 |     1 ||     8
  Eat: Chunk             |     2 |     1 ||     3
Armor: Ring mail         |    10 |       ||    10
       Leather armour    |    48 |    23 ||    71
Dodge: Dodged            |   110 |    49 ||   159

Table legend:
 A = Non-vault XP
 B = Vault XP
 C = Vault XP percentage of total XP
 D = Non-vault monster count
 E = Vault monster count
 F = Vault count percentage of total count
                 A         B        C        D         E       F
            +---------+---------+-------+---------+---------+-------
      Total |     182 |      33 |  15.3 |      46 |       5 |   9.8
            +---------+---------+-------+---------+---------+-------
        D:1 |      39 |       0 |   0.0 |      15 |       0 |   0.0
        D:2 |      34 |      33 |  49.3 |      20 |       5 |  20.0
        D:3 |     109 |       0 |   0.0 |      11 |       0 |   0.0
            +---------+---------+-------+---------+---------+-------
